 Dungeon Crawl Stone Soup version 0.28.0-53-g5a82cb258f (webtiles) character file.

Game seed: 17211483695277515089

1824 LynnLen the Skirmisher (level 8, -4/68 HPs)
             Began as a Vampire Enchanter on Aug 22, 2022.
             Was a Follower of Nemelex Xobeh.
             Slain by a troll (11 damage)
             ... on level 6 of the Dungeon.
             The game lasted 00:30:19 (8021 turns).

LynnLen the Skirmisher (Vampire Enchanter)          Turns: 8021, Time: 00:30:19

Health: -4/68      AC:  5    Str:  7    XL:     8   Next: 86%
Magic:  6/11       EV: 11    Int: 19    God:    Nemelex Xobeh [*.....]
Gold:   333        SH:  0    Dex: 15    Spells: 6/11 levels left

rFire   + . .      SeeInvis +   a - +1 dagger
rCold   . . .      Faith    .   (no shield)
rNeg    . . .      Spirit   .   e - +0 leather armour
rPois   .          Reflect  .   (no helmet)
rElec   .          Harm     .   c - +0 cloak
rCorr   .          Rampage  .   (no gloves)
Will    .....                   l - +0 pair of boots
Stlth   +++.......              (no amulet)
HPRegen 0.41/turn               o - ring of protection from fire
MPRegen 0.12/turn               (no ring)

@: confusing by touch, healing quickly
A: alive, fangs 3, see invisible, vampiric 2
a: Exsanguinate, Renounce Religion, Draw Escape, Draw Destruction, Draw
Summoning


You were on level 6 of the Dungeon.
You worshipped Nemelex Xobeh.
Nemelex Xobeh was aware of your devotion.
You visited 2 branches of the dungeon, and saw 7 of its levels.
You also visited: Sewer.

You collected 333 gold pieces.

Inventory:

Hand Weapons
 a - a +1 dagger (weapon)
Missiles
 f - 89 stones
 A - a throwing net
Armour
 c - a +0 cloak (worn)
 e - a +0 leather armour (worn)
 l - a +0 pair of boots (worn)
Jewellery
 o - a ring of protection from fire (left hand)
Wands
 s - a wand of iceblast (11)
Scrolls
 d - 2 scrolls of amnesia
 i - 3 scrolls of immolation
 q - 3 scrolls of identify
 r - 4 scrolls of fear
 t - 2 scrolls of fog
 u - 2 scrolls of teleportation
 w - 2 scrolls of enchant armour {unknown}
 x - a scroll of enchant weapon {unknown}
 y - a scroll of blinking {unknown}
Potions
 b - a potion of mutation
 h - a potion of cancellation {unknown}
 j - 3 potions of degeneration {unknown}
 k - 2 potions of ambrosia {unknown}
 m - a potion of heal wounds {unknown}
 n - 2 potions of brilliance {unknown}
 p - a potion of lignification {unknown}
 z - 3 potions of might {unknown}


   Skills:
 * Level 7.9 Fighting
 + Level 6.6 Short Blades
 - Level 2.1 Dodging
 - Level 4.4 Stealth
 - Level 2.0 Spellcasting
 - Level 4.4 Hexes
 + Level 3.7 Invocations


You had 6 spell levels left.
You knew the following spells:

 Your Spells              Type           Power      Damage    Failure   Level
a - Ensorcelled Hibernat  Hex/Ice        20%        N/A       16%         2
b - Confusing Touch       Hex            18%        N/A       13%         3

Your spell library contained the following spells:

 Spells                   Type           Power      Damage    Failure   Level
 Tukima's Dance           Hex            18%        N/A       13%         3
 Dazzling Flash           Conj/Hex       20%        N/A       30%         3
 Silence                  Hex/Air        5%         N/A       96%         5
 Agony                    Necr           1%         N/A       100%        5


Dungeon Overview and Level Annotations

Branches:
Dungeon (6/15)             Temple (1/1) D:4           Sewer (visited)

Altars:
Ashenzari
Cheibriados
Dithmenos
Elyvilon
Fedhas
Gozag
Hepliaklqana
Makhleb
Nemelex Xobeh
Okawaru
Qazlal
Ru
Sif Muna
Trog
Uskayaw
Vehumet
Wu Jian
Xom
Yredelemnul
Zin
The Shining One

Shops:
D:4 !


Innate Abilities, Weirdness & Mutations

Your natural rate of healing is accelerated.
You have razor-sharp teeth.
You have supernaturally acute eyesight. (SInv)
You are afflicted with vampirism and can become a bat while bloodless.


Message History

You hit the troll but do no damage.
The troll appears confused.
The troll is almost dead.
You hit the troll but do no damage.
The troll is almost dead.
You hit the troll. You punch the troll.
The troll is almost dead.
You hit the troll.
The troll is almost dead.
You barely miss the troll. You bite the troll, but do no damage.
The troll is almost dead.
You hit the troll but do no damage.
The troll is almost dead.
You hit the troll but do no damage.
The troll is almost dead.
You barely miss the troll.
The troll is almost dead.
The troll closely misses you. x3
You hit the troll. You bite the troll, but do no damage.
The troll is almost dead.
The troll bites you!! The troll claws you!
* * * LOW HITPOINT WARNING * * *
The troll closely misses you.
You hit the troll but do no damage.
The troll is severely wounded.
You hit the troll but do no damage. Your bite misses the troll.
The troll is severely wounded.
The troll seems less confused.
You feel better. The troll closely misses you. The troll barely misses you.
The troll claws you.
* * * LOW HITPOINT WARNING * * *
Casting: Confusing Touch (dangerous; 13% risk of failure)
Press: ? - help, Q - select action, (/) - cycle Dir - look around, f - activate Your hands begin to glow red.
The troll bites you.
* * * LOW HITPOINT WARNING * * *
The troll claws you!
* * * LOW HITPOINT WARNING * * *
The troll claws you!
You die...
Your body disappears without a glow.

###....#### #.#######
##.........##.###.....[..
..............[..#######
.........######.####
#.................###
#....# ######.........
..###....# #.###.####
........#########.# .#
........T@........# #
..###....########.#
.......... #...
$#......## ##### #.###.##
#. #.# # #.# #.


You could see a troll.

Vanquished Creatures
  3 black bears
  An orc warrior (D:5)
  An ice beast (D:3)
  Pargi (Sewer)
  2 ogres
  A phantom (D:5)
  3 scorpions
  3 bullfrogs
  A wyvern zombie (D:6)
  A bullfrog zombie (D:5)
  A hound (D:6)
  3 orc priests
  A bullfrog skeleton (D:4)
  3 iguanas (D:5)
  An orc wizard (D:3)
  A hound zombie (D:5)
  3 hound skeletons
  4 gnolls
  12 adders
  A shadow imp (D:3)
  A worm (D:3)
  3 dart slugs
  15 orcs
  7 endoplasms
  8 giant cockroaches
  8 goblins
  7 hobgoblins
  2 jackals (D:4)
  5 quokkas
  10 ball pythons
  6 bats
  10 frilled lizards
  5 kobolds
  6 rats
140 creatures vanquished.

Notes
Turn   | Place    | Note
-------+----------+-------------------------------------------
     0 | D:1      | LynnLen the Vampire Enchanter began the quest for the Orb.
     0 | D:1      | Reached XP level 1. HP: 13/13 MP: 3/3
   285 | D:1      | Reached skill level 1 in Fighting
   418 | D:1      | Reached XP level 2. HP: 21/21 MP: 5/5
   422 | D:1      | Learned a level 2 spell: Ensorcelled Hibernation
  1259 | D:1      | Gained mutation: You are afflicted with vampirism and can
                  | become a bat while bloodless. [Vampire growth]
  1259 | D:1      | Reached XP level 3. HP: 27/27 MP: 1/6
  1311 | D:1      | Learned a level 3 spell: Confusing Touch
  1317 | D:1      | Reached skill level 2 in Fighting
  1543 | D:2      | Found a radiant altar of Vehumet.
  2295 | D:3      | Reached XP level 4. HP: 34/34 MP: 7/7
  2399 | D:2      | Reached skill level 3 in Fighting
  2879 | D:2      | Reached XP level 5. HP: 31/41 MP: 2/8
  3362 | D:3      | Reached skill level 4 in Fighting
  3745 | D:3      | Noticed an ice beast
  3763 | D:3      | Killed an ice beast
  3764 | D:3      | Reached XP level 6. HP: 33/49 MP: 6/9
  4300 | D:4      | Reached skill level 5 in Fighting
  4358 | D:4      | Found a staircase to the Ecumenical Temple.
  4402 | Temple   | Entered the Ecumenical Temple
  4797 | Temple   | Became a worshipper of Nemelex Xobeh the Trickster
  5134 | D:4      | Reached XP level 7. HP: 56/56 MP: 7/10
  5137 | D:4      | Found Nonteshro's Distillery.
  5622 | D:4      | Reached skill level 1 in Invocations
  5683 | D:4      | Reached skill level 5 in Short Blades
  6018 | D:5      | Entered Level 5 of the Dungeon
  6045 | D:5      | Reached skill level 6 in Fighting
  6142 | D:5      | Found a glowing drain.
  6212 | Sewer    | Entered a sewer
  6289 | Sewer    | Noticed Pargi
  6297 | Sewer    | Killed Pargi
  6655 | D:5      | Reached XP level 8. HP: 65/65 MP: 11/11
  6656 | D:5      | Reached * piety under Nemelex Xobeh
  7092 | D:5      | Reached skill level 7 in Fighting
  7585 | D:5      | Received a gift from Nemelex Xobeh
  7987 | D:6      | Noticed a troll
  8021 | D:6      | Slain by a troll

Illustrated notes

Levels and vault maps discovered:
D:1:      evilmike_arrival_plus, layout_loops_corners, minmay_tetromino_t4
D:2:      layout_rooms, serial_corexii_hall, corexii_hall_statues_deadend,
          corexii_hall_statues_t, basic_altar, chequers_serial_rivers_micro_c,
          amethyst_killhole
D:3:      layout_loops_ring, grunt_ministairs_7, kennysheep_minor_cross
D:4:      layout_rooms, minmay_temple_entry_glass, serial_shops,
          nicolae_shop_behind_doors, nicolae_concentric_dashed_squares_wild,
          minmay_fractal_squares_diagonal_5
D:5:      layout_basic, portal_sewer_entry_f, ebering_ghost_reflecting_pool
D:6:      layout_loops_ring, minmay_increasing_density, uniq_blork_the_orc
Temple:   mainiacjoe_temple_starburst

Skill      XL: |  1  2  3  4  5  6  7  8 |
---------------+-------------------------+-----
Fighting       | 1 2 3 4 5 6 7 |  7.9
Short Blades   | 2 3 4 5 6 |  6.6
Invocations    | 2 3 |  3.7
Dodging        | |  2.1
Stealth        | |  4.4
Spellcasting   | |  2.0
Hexes          | |  4.4

Action                   |  1- 3 |  4- 6 |  7- 9 || total
-------------------------+-------+-------+-------++-------
Melee: Dagger            |   186 |   213 |   239 ||   638
       Bite              |    13 |    20 |    35 ||    68
       Punch             |     2 |     3 |     6 ||    11
 Cast: Ensorcelled Hiber |    10 |    24 |    34 ||    68
       Confusing Touch   |       |     3 |     8 ||    11
  Use: Scroll            |     6 |       |     2 ||     8
       Potion            |       |     1 |     3 ||     4
 Stab: Sleeping          |    12 |    15 |    24 ||    51
       Confused          |       |     4 |     7 ||    11
Armor: Robe              |    39 |       |       ||    39
       Leather armour    |    15 |    42 |    46 ||   103
Dodge: Dodged            |   130 |    98 |   106 ||   334
